 Dungeon Crawl Stone Soup version 0.19-a0-1697-g0595f0e (webtiles) character file.

87 dvd the Conjurer (level 4, -3/24 HPs)
             Began as a Deep Elf Conjurer on Sept 26, 2016.
             Killed by divine providence
             ... invoked by an orc priest
              (16 damage)
             ... on level 3 of the Dungeon.
             The game lasted 00:06:38 (2488 turns).

dvd the Conjurer (Deep Elf Conjurer)                Turns: 2488, Time: 00:06:39

Health: -3/24      AC:  4    Str:  5    XL:     4   Next: 28%
Magic:  11/11      EV: 13    Int: 23    God:
Gold:   75         SH:  0    Dex: 15    Spells: 4 memorised, 0 levels left

rFire  . . .     SeeInvis .     h - +1 dagger (holy)
rCold  . . .     Gourm    .     a - +0 robe
rNeg   . . .     Faith    .     (no shield)
rPois  .         Spirit   .     (no helmet)
rElec  .         Dismiss  .     l - +0 cloak
rCorr  .         Reflect  .     (no gloves)
MR     +....     Harm     .     (no boots)
Stlth  ++........               (no amulet)
                                s - +2 ring of intelligence
                                f - ring of protection from magic

@: no status effects
A: no striking features
a: no special abilities


You were on level 3 of the Dungeon.
You were very hungry.

You visited 1 branch of the dungeon, and saw 3 of its levels.

You collected 75 gold pieces.

Inventory:

Hand Weapons
 h - a +1 dagger of holy wrath (weapon)
Armour
 a - a +0 robe (worn)
 l - a +0 cloak (worn)
Jewellery
 f - a ring of protection from magic (left hand)
 s - a +2 ring of intelligence (right hand)
Wands
 n - a wand of digging (17/24)
Scrolls
 d - a scroll of enchant weapon {unknown}
 e - 6 scrolls of identify {unknown}
 i - 2 scrolls of remove curse {unknown}
 j - a scroll of amnesia {unknown}
 k - a scroll of magic mapping {unknown}
 m - a scroll of recharging {unknown}
 o - a scroll of noise {unknown}
 u - a scroll of fog {unknown}
Potions
 g - 2 potions of curing {unknown}
 p - a potion of flight {unknown}
 q - a potion of agility {unknown}
 r - a potion of might {unknown}
Books
 b - a book of Conjurations

   Spells                             Type                      Level
   a - Magic Dart                     Conjuration                  1
   b - Searing Ray                    Conjuration                  2
   c - Dazzling Spray                 Conjuration/Hexes            3
   d - Fulminant Prism                Conjuration/Hexes            4
   e - Iskenderun's Mystic Blast      Conjuration                  4
   f - Iskenderun's Battlesphere      Conjuration/Charms           5
Comestibles
 c - 2 bread rations
 t - a meat ration
 v - a beef jerky


   Skills:
 + Level 0.4 Short Blades
 + Level 2.8 Dodging
 + Level 2.9 Stealth
 + Level 3.7 Spellcasting
 + Level 5.6 Conjurations


You couldn't memorise any spells.
You knew the following spells:

 Your Spells              Type           Power        Failure   Level  Hunger
a - Magic Dart            Conj           ####         1%          1    None
b - Searing Ray           Conj           ####..       1%          2    #......
c - Dazzling Spray        Conj/Hex       ###...       12%         3    ###....
d - Iskenderun's Mystic   Conj           ####....     12%         4    ####...


Dungeon Overview and Level Annotations

Branches:
Dungeon (3/15)

Altars:
Cheibriados
Makhleb


Message History

You start resting.
Magic restored.
You start resting.
HP restored.
There is a stone staircase leading down here.
You climb downwards.
A bat, 3 orcs, an orc priest and an orc wizard come into view.
You are feeling very hungry.
The orc wizard shouts!
The orc shouts! x3
The bat closely misses you.
The orc wizard gestures at you while chanting.
The puff of frost hits you!
Found an escape hatch in the ceiling.
Found a stone staircase leading down.
There is a stone staircase leading up here.
The bat closely misses you. The orc wizard closely misses you.
The orc hits you with a short sword.
The orc priest mumbles some strange prayers to Beogh against you.
Beogh smites you!
Ouch! That really hurt!
You die...

### #####
#.################...###
..o.........##[........#
..###.............o#.#.
....#...#.###.#####).#
..###........##o..##....
.##...###...##⌠b@.⌠##.##.#
###...# #...#..o.o..#...
###...###...#.<.o.......o
........##..#...o...#...o.
......#.##..##⌠.>.⌠## ....
...##.#.#....##...## #
...####.#....######
.............#
.o..#.####.†.##


You could see an orc priest, an orc wizard, 3 orcs and a bat.

Vanquished Creatures
  3 adders
  2 dart slugs
  3 leopard geckos
  A giant cockroach (D:2)
  10 goblins
  9 hobgoblins
  3 jackals (D:1)
  2 quokkas (D:2)
  3 bats (D:1)
  3 frilled lizards
  7 kobolds
  8 rats
54 creatures vanquished.

Notes
Turn   | Place    | Note
-------+----------+-------------------------------------------
     0 | D:1      | dvd the Deep Elf Conjurer began the quest for the Orb.
     0 | D:1      | Reached XP level 1. HP: 10/10 MP: 6/6
   149 | D:1      | Reached XP level 2. HP: 14/15 MP: 0/8
   233 | D:1      | Learned a level 2 spell: Searing Ray
   358 | D:1      | Reached skill level 5 in Conjurations
   683 | D:1      | Reached XP level 3. HP: 19/19 MP: 3/9
   741 | D:1      | Learned a level 3 spell: Dazzling Spray
  1423 | D:2      | Found a burning altar of Makhleb.
  1423 | D:2      | Noticed a balrug
  1471 | D:2      | Found a snail-covered altar of Cheibriados.
  2025 | D:2      | Reached XP level 4. HP: 24/24 MP: 7/11
  2133 | D:3      | Learned a level 4 spell: Iskenderun's Mystic Blast
  2488 | D:3      | Killed from afar by an orc priest

Vault maps used:
D:1:      dpeg_arrival_rooms_b
D:2:      marbit_many_paths, makhleb_altar_promises_db
D:3:      kb_forest_paths, first_bread, grunt_ministairs_7

Skill      XL: |  1  2 |
---------------+-------+-----
Conjurations   | 5 |  5.6
Short Blades   | |  0.4
Dodging        | |  2.8
Stealth        | |  2.9
Spellcasting   | |  3.7

Action                   |  1- 3 |  4- 6 || total
-------------------------+-------+-------++-------
Melee: Unarmed           |     1 |       ||     1
       Dagger            |     7 |     2 ||     9
 Cast: Magic Dart        |    67 |     8 ||    75
       Searing Ray       |     3 |     1 ||     4
       Dazzling Spray    |     1 |     1 ||     2
       Iskenderun's Myst |       |     1 ||     1
 Stab: Sleeping          |     1 |       ||     1
  Eat: Chunk             |     3 |     1 ||     4
Armor: Robe              |     5 |       ||     5
Dodge: Dodged            |     8 |     5 ||    13
